 Dungeon Crawl Stone Soup version 0.17-a0-2231-gd80ca38 (webtiles) character file.

476 ololoev the Insei (level 6, -7/48 HPs)
             Began as a Demonspawn Monk on Oct 29, 2015.
             Mangled by an ice beast (12 damage)
             ... on level 6 of the Dungeon.
             The game lasted 00:08:14 (1119 turns).

ololoev the Insei (Demonspawn Monk)                 Turns: 1119, Time: 00:08:14

Health: -7/48      AC:  8    Str: 14    XL:     6   Next: 85%
Magic:  6/6        EV: 11    Int: 11    God:
Gold:   78         SH:  3    Dex: 15    Spells: 0 memorised, 5 levels left

rFire  . . .     SeeInvis +       - Unarmed
rCold  . . .     Clarity  +     c - +0 ring mail
rNeg   . . .     SustAt   .     l - +0 buckler {AC+3}
rPois  .         Gourm    .     (no helmet)
rElec  .         Spirit   .     (no cloak)
rCorr  .         Warding  .     k - +0 pair of gloves
rMut   .         Stasis   .     (no boots)
MR     .....                    (no amulet)
Stlth  +.........               f - -2 ring of protection (curse)
                                e - ring of see invisible

@: not resistant to hostile enchantments, very unstealthy
A: talons 1, rugged brown scales 1, clarity, powered by pain 1, screaming 1,
spiny 1, evolution 1
a: no special abilities


Innate Abilities, Weirdness & Mutations

You are partially covered in rugged brown scales (AC +1, +3% HP).
You sometimes gain a little power by taking damage.
You are partially covered in sharp spines.
You have sharp toenails.
You possess an exceptional clarity of mind.
You occasionally shout uncontrollably at your foes.
You evolve.

Inventory:

Missiles
 o - 2 throwing nets (quivered)
Armour
 c - a +0 ring mail (worn)
 k - a +0 pair of gloves (worn)
 l - a +0 buckler of protection (worn)
 s - a cursed -1 scale mail
Jewellery
 e - a ring of see invisible (left hand)
 f - a cursed -2 ring of protection (right hand)
 j - an uncursed ring of flight
Wands
 a - a wand of slowing (29)
 g - a wand of slowing (38)
Scrolls
 h - a scroll of teleportation {unknown}
 m - a scroll of identify {unknown}
 n - a scroll of recharging {unknown}
 q - a scroll of amnesia {unknown}
 r - a scroll of torment {unknown}
Comestibles
 b - 2 bread rations
 d - 3 chunks of flesh
 p - 5 fruits


   Skills:
 - Level 3.0 Fighting
 + Level 3.4 Armour
 - Level 2.6 Dodging
 - Level 1.7 Stealth
 * Level 6.5 Unarmed Combat


You had 5 spell levels left.
You didn't know any spells.


You were on level 6 of the Dungeon.
You were not hungry.

You visited 1 branch of the dungeon, and saw 6 of its levels.

You collected 78 gold pieces.

#### ....# ....# ####
###....# #.. #####
#...... #.# )..# #...#
#.##########.###@..####
...............Y........
###.#####.......########
(...# #######.# ..###
..# ..# ...# ..# ...#
###### ..... .....##
..<..

Notes
Turn   | Place    | Note
--------------------------------------------------------------
     0 | D:1      | ololoev the Demonspawn Monk began the quest for the Orb.
     0 | D:1      | Reached XP level 1. HP: 18/18 MP: 1/1
    94 | D:2      | Gained mutation: You are partially covered in rugged brown scales (AC +1, +3% HP). [demonic ancestry]
    94 | D:2      | Reached XP level 2. HP: 6/24 MP: 2/2
   134 | D:2      | Reached skill level 4 in Unarmed Combat
   197 | D:3      | Reached skill level 1 in Armour
   197 | D:3      | Gained mutation: You are partially covered in sharp spines. [demonic ancestry]
   197 | D:3      | Reached XP level 3. HP: 4/29 MP: 3/3
   206 | D:3      | Found a sparkling altar of Nemelex Xobeh.
   428 | D:5      | Entered Level 5 of the Dungeon
   692 | D:4      | Reached XP level 4. HP: 21/36 MP: 4/4
   775 | D:5      | Noticed a sky beast
   787 | D:5      | Killed a sky beast
   787 | D:5      | Reached skill level 5 in Unarmed Combat
   787 | D:5      | Gained mutation: You sometimes gain a little power by taking damage. [demonic ancestry]
   787 | D:5      | Reached XP level 5. HP: 9/42 MP: 5/5
   795 | D:5      | Gained mutation: You possess an exceptional clarity of mind. [mutagenic meat]
   796 | D:5      | Gained mutation: You occasionally shout uncontrollably at your foes. [mutagenic meat]
   797 | D:5      | Gained mutation: You have sharp toenails. [mutagenic meat]
   798 | D:5      | Gained mutation: You evolve. [mutagenic meat]
   853 | D:5      | Found a shattered altar of Ashenzari.
   966 | D:6      | Noticed a phantom
   967 | D:6      | Noticed Eustachio
   981 | D:6      | Killed Eustachio
   981 | D:6      | Reached skill level 6 in Unarmed Combat
   981 | D:6      | Reached XP level 6. HP: 11/48 MP: 6/6
   990 | D:6      | Killed a phantom
  1073 | D:6      | Noticed an ice beast
  1119 | D:6      | Mangled by an ice beast

Dungeon Overview and Level Annotations

Branches:
Dungeon (6/15)
 Temple: D:4-7

Altars:
Ashenzari
Nemelex Xobeh


Message History

You block the ice beast's attack.
You hit the ice beast.
You claw the ice beast, but do no damage.
The ice beast is lightly wounded.
The ice beast hits you. The ice beast freezes you!
You closely miss the ice beast. You claw the ice beast.
The ice beast is lightly wounded.
The ice beast completely misses you.
You hit the ice beast.
You claw the ice beast, but do no damage.
The ice beast is lightly wounded.
The ice beast hits you but does no damage.
You closely miss the ice beast.
The ice beast is lightly wounded.
Drink which item? (? for menu, Esc to quit)
You feel better. The ice beast hits you. The ice beast freezes you.
The ice beast is struck by your spines.
The ice beast hits you but does no damage.
Drink which item? (? for menu, Esc to quit)
It was a potion of cancellation.
You feel magically purged. The ice beast is struck by your spines.
The ice beast barely misses you.
Put on which piece of jewellery? (? for menu, Esc to quit)
Okay, then.
You see here 11 stones.
You hear the slow rusting of a very distant drain.
Found a falchion.
You see here a large pearl ring.
f - a large pearl ring The ice beast hits you but does no damage.
Found a stone staircase leading up.
Put on which piece of jewellery? (? for menu, Esc to quit)
You're wearing all the rings you can.
Remove which one? (? for menu, Esc to cancel) < or
e - a ring of see invisible; > or
j - a ring of flight You remove your ring of flight.
Oops, that ring feels deathly cold.
f - a cursed -2 ring of protection (right hand)
The ice beast is struck by your spines. The ice beast hits you.
The ice beast freezes you!
You die...

You could see an ice beast.

Vanquished Creatures
  Eustachio (D:6)
  A phantom (D:6)
  A sky beast (D:5)
  A hound (D:5)
  An iguana (D:3)
  A centaur skeleton (D:4)
  2 worker ants
  An adder (D:6)
  2 shadow imps
  A ball python (D:4)
  2 bats
  A goblin (D:3)
  2 hobgoblins (D:2)
  2 jackals (D:1)
  A kobold (D:2)
  A giant cockroach (D:4)
  A giant gecko (D:5)
  A giant newt (D:3)
  A quokka skeleton (D:6)
  A rat (D:2)
25 creatures vanquished.

Action                   |  1- 3 |  4- 6 || total
-------------------------+-------+-------++-------
Melee: Unarmed           |    85 |    48 ||   133
Evoke: Wand              |     2 |       ||     2
  Use: Potion            |       |     8 ||     8
 Stab: Sleeping          |     1 |       ||     1
  Eat: Chunk             |       |     5 ||     5

Vault maps used:
D:1:      sevenhm_arrival_forest_fort_small_4
D:3:      marbit_many_paths, lemuel_doored_altar, first_bread
D:4:      serial_shops, shop_fountains
D:5:      lemuel_coloured_pillars_altar, serial_shops, shop,
          grunt_dithmenos_smoke
D:6:      gup_sewer_entry_glass, uniq_eustachio, uniq_pikel
